 Dungeon Crawl Stone Soup version 0.22.0-38-g04b72b8 (webtiles) character file.

167 Gate88 the Conjurer (level 5, -6/31 HPs)
             Began as an Octopode Wizard on Aug 29, 2018.
             Mangled by a hippogriff (7 damage)
             ... on level 2 of the Dungeon.
             The game lasted 00:14:36 (4013 turns).

Gate88 the Conjurer (Octopode Wizard)               Turns: 4013, Time: 00:14:36

Health: -6/31      AC:  1    Str:  6    XL:     5   Next: 48%
Magic:  0/9        EV: 13    Int: 21    God:
Gold:   38         SH:  0    Dex: 11    Spells: 1/10 levels left

rFire    . . .     SeeInvis .   q - +0 dagger
rCold    . . .     Gourm    .   (no shield)
rNeg     . . .     Faith    .   a - +0 hat
rPois    .         Spirit   .   (no amulet)
rElec    .         Reflect  .   g - ring of protection from magic
rCorr    .         Harm     .   (no ring)
MR       +....                  (no ring)
Stlth    +++.......             (no ring)
HPRegen  0.10/turn              (no ring)
MPRegen  0.11/turn              (no ring)
                                (no ring)
                                (no ring)

@: no status effects
A: almost no armour, stealthy swim, amphibious, 8 rings, constrict 8, camouflage
1, gelatinous body 1
a: no special abilities


You were on level 2 of the Dungeon.
You were hungry.

You visited 1 branch of the dungeon, and saw 3 of its levels.

You collected 38 gold pieces.

Inventory:

Hand Weapons
 p - a -3 dagger
 q - a +0 dagger (weapon)
Missiles
 e - 67 sling bullets
 f - 53 bolts
 l - 76 stones (quivered)
 o - 19 arrows
Armour
 a - a +0 hat (worn)
Jewellery
 g - a ring of protection from magic (left tentacle)
Scrolls
 d - a scroll of fear {unknown}
 h - a scroll of remove curse
 j - 2 scrolls of immolation {unknown}
 r - a scroll of fog {unknown}
Potions
 i - a potion of curing {unknown}
 k - 2 potions of cancellation
 m - 2 potions of heal wounds
 n - a potion of berserk rage {unknown}
 s - a potion of flight {unknown}
Comestibles
 c - 3 rations


   Skills:
 - Level 2.0 Dodging
 - Level 2.6 Stealth
 - Level 3.0 Spellcasting
 + Level 4.6 Conjurations
   Level 1.0 Summonings
 - Level 1.0 Translocations
 + Level 2.3 Poison Magic


You had one spell level left.
You knew the following spells:

 Your Spells              Type           Power        Failure   Level  Hunger
a - Magic Dart            Conj           ###.         1%          1    None
b - Mephitic Cloud        Conj/Pois/Air  ##......     16%         3    ###....
c - Dazzling Spray        Conj/Hex       ##....       16%         3    ###....
B - Blink                 Tloc           N/A          13%         2    ##.....

Your spell library contained the following spells:

 Spells                   Type           Power        Failure   Level  Hunger
 Searing Ray              Conj           ###...       3%          2    ##.....
 Call Imp                 Summ           #.......     13%         2    ##.....
 Conjure Flame            Conj/Fire      ##......     16%         3    ###....
 Slow                     Hex            #.......     21%         2    ##.....
 Iskenderun's Mystic Bla  Conj           ###.....     21%         4    ####...
 Force Lance              Conj/Tloc      ###.....     38%         4    ####...
 Fulminant Prism          Conj/Hex       ##........   45%         4    ####...


Dungeon Overview and Level Annotations

Branches:
Dungeon (3/15)

Altars:

Annotations:
D:2 exclusion: hippogriff


Innate Abilities, Weirdness & Mutations

You cannot wear most types of armour.
You are very stealthy in the water. (Stealth+)
You are amphibious.
You can wear up to eight rings at the same time.
You can use your tentacles to constrict eight enemies at once.
Your skin changes colour to match your surroundings (Stealth+).
Your rubbery body absorbs attacks. (AC +1, EV +1)


Message History

* * * LOW HITPOINT WARNING * * *
The hippogriff claws you!
* * * LOW HITPOINT WARNING * * *
Casting: Magic Dart (safe; 1% risk of failure)
Confirm with . or Enter, or press ? or * to list all spells.
Aiming: Magic Dart (safe; 1% risk of failure)
Press: ? - help, Shift-Dir - straight line, f/p - hippogriff
Aim: a hippogriff (heavily wounded)
The magic dart hits the hippogriff.
The hippogriff is heavily wounded.
The hippogriff misses you. The hippogriff closely misses you. x2
Casting: Magic Dart (safe; 1% risk of failure)
Confirm with . or Enter, or press ? or * to list all spells.
Aiming: Magic Dart (safe; 1% risk of failure)
Press: ? - help, Shift-Dir - straight line, f/p - hippogriff
Aim: a hippogriff (heavily wounded)
The magic dart hits the hippogriff.
The hippogriff is heavily wounded.
The hippogriff bites you!
You die...

##.#..######.#.#.##
##.#..#......#.#>#
##.#...[.....#.#.#
##.##.#..#...#.#.#
##.##.#..#...#.#.#
##.##.#).#...#.#.#
##.##..........#.#
##.###########.#.#
##.#...........#@#
...#.###########H#
####.# #.#
####.######### #.#
.............# #.#
.............# #.#
....)........# #.#
.............# #.#
.)...........# #.#


You could see a hippogriff.

Vanquished Creatures
  A gnoll (D:1)
  6 adders
  4 oozes
  A worm (D:2)
  3 dart slugs
  3 orcs (D:3)
  7 bats
  13 giant cockroaches
  2 goblins (D:2)
  5 hobgoblins
  5 jackals (D:1)
  A quokka (D:2)
  3 ball pythons
  6 frilled lizards (D:2)
  11 kobolds
  4 rats
75 creatures vanquished.

Notes
Turn   | Place    | Note
-------+----------+-------------------------------------------
     0 | D:1      | Gate88 the Octopode Wizard began the quest for the Orb.
     0 | D:1      | Reached XP level 1. HP: 11/11 MP: 4/4
   394 | D:1      | Reached skill level 2 in Conjurations
   394 | D:1      | Reached XP level 2. HP: 16/17 MP: 1/6
   981 | D:1      | Reached XP level 3. HP: 11/21 MP: 2/7
  1136 | D:1      | Reached skill level 3 in Conjurations
  1964 | D:2      | Reached XP level 4. HP: 27/27 MP: 2/8
  2002 | D:2      | Reached skill level 4 in Conjurations
  2087 | D:2      | Learned a level 2 spell: Blink
  2091 | D:2      | Learned a level 3 spell: Mephitic Cloud
  2377 | D:2      | Reached skill level 1 in Poison Magic
  2539 | D:2      | Reached XP level 5. HP: 27/31 MP: 1/9
  2977 | D:2      | Noticed a hippogriff
  3651 | D:3      | Learned a level 3 spell: Dazzling Spray
  4009 | D:2      | HP: 1/31 [hippogriff (7)]
  4013 | D:2      | Mangled by a hippogriff

Skill      XL: |  1  2  3  4  5 |
---------------+----------------+-----
Conjurations   | 2 3 4 |  4.6
Poison Magic   | 1 2 |  2.3
Dodging        | |  2.0
Stealth        | |  2.6
Spellcasting   | |  3.0
Summonings     | |  1.0
Translocations | |  1.0

Action                   |  1- 3 |  4- 6 || total
-------------------------+-------+-------++-------
Melee: Unarmed           |    36 |       ||    36
       Constrict         |    16 |    21 ||    37
       Tentacles         |     7 |    10 ||    17
       Club              |    28 |    29 ||    57
       Dagger            |       |    58 ||    58
 Cast: Magic Dart        |    48 |    71 ||   119
       Mephitic Cloud    |       |     3 ||     3
  Use: Scroll            |       |     4 ||     4
 Stab: Sleeping          |     3 |     3 ||     6
  Eat: Chunk             |     3 |     6 ||     9
Armor: Skin              |     5 |    14 ||    19
Dodge: Dodged            |    66 |    89 ||   155
